 Dungeon Crawl Stone Soup version 0.22.1-1-ga44c0e56f4 (webtiles) character file.

5525 Artagas the Slicer (level 10, -3/53 HPs)
             Began as a Vine Stalker Assassin on Sept 30, 2018.
             Was a Believer of Wu Jian.
             Slain by a two-headed ogre
             ... wielding a +0 dire flail
              (6 damage)
             ... on level 8 of the Dungeon.
             The game lasted 00:47:37 (9457 turns).

Artagas the Slicer (Vine Stalker Assassin)          Turns: 9457, Time: 00:47:37

Health: -3/53      AC:  9    Str: 16    XL:     10   Next: 70%
Magic:  0/11       EV: 14    Int: 11    God:    Wu Jian [**....]
Gold:   391        SH:  0    Dex: 17    Spells: 9/9 levels left

rFire    . . .     SeeInvis .   a - +3 dagger
rCold    . . .     Gourm    .   (no shield)
rNeg     . . .     Faith    .   G - +0 troll leather armour
rPois    .         Spirit   +   x - +2 helmet
rElec    .         Reflect  .   d - +0 cloak
rCorr    .         Harm     .   (no gloves)
MR       +....                  (no boots)
Stlth    ++++......             (no amulet)
HPRegen  0.97/turn              j - ring of wizardry
MPRegen  0.12/turn              (no ring)

@: no status effects
A: fangs 3, regeneration 1, magic shield, antimagic bite, no potion heal 3, rot
immunity
a: Wall Jump, Renounce Religion


You were on level 8 of the Dungeon.
You worshipped Wu Jian.
Wu Jian was pleased with you.
You were hungry.

You visited 2 branches of the dungeon, and saw 10 of its levels.

You collected 391 gold pieces.

Inventory:

Hand Weapons
 a - a +3 dagger (weapon)
 b - a +0 blowgun
Missiles
 e - 23 poisoned needles
 C - 4 tomahawks of returning (quivered)
Armour
 c - a +1 leather armour of cold resistance
   (You found it on level 9 of the Dungeon)
 d - a +0 cloak (worn)
 x - a +2 helmet (worn)
   (You took it off Robin on level 2 of the Dungeon)
 G - a +0 troll leather armour (worn)
   (You found it on level 8 of the Dungeon)
Jewellery
 i - an uncursed ring of stealth {unknown}
   (You found it on level 2 of the Dungeon)
 j - a ring of wizardry (left hand)
   (You found it on level 1 of the Dungeon)
 n - a +2 ring of intelligence {unknown}
   (You found it on level 1 of the Dungeon)
 y - a cursed ring of attention {unknown}
   (You found it on level 4 of the Dungeon)
 A - an uncursed ring of positive energy {unknown}
   (You found it on level 4 of the Dungeon)
 D - an uncursed ring of see invisible {unknown}
   (You found it on level 6 of the Dungeon)
Wands
 v - a wand of disintegration (10)
   (You found it on level 7 of the Dungeon)
 z - a wand of enslavement (14)
   (You found it on level 7 of the Dungeon)
 E - a wand of iceblast (7)
   (You found it on level 6 of the Dungeon)
 H - a wand of clouds (8)
   (You took it off a gnoll on level 9 of the Dungeon)
Scrolls
 h - a scroll of magic mapping
 k - a scroll of fear {unknown}
 o - 2 scrolls of enchant weapon
 p - 3 scrolls of amnesia
 r - 4 scrolls of teleportation
 u - 2 scrolls of blinking
 w - 2 scrolls of enchant armour
Potions
 f - 2 potions of might
 l - a potion of invisibility
 m - 2 potions of curing
 s - a potion of lignification
 t - 2 potions of mutation
 B - 3 potions of flight
Comestibles
 g - 16 rations
 q - 3 chunks of flesh


   Skills:
 + Level 6.5 Fighting
 - Level 10.0 Short Blades
 + Level 3.6 Throwing
 - Level 4.0 Armour
 - Level 4.0 Dodging
 + Level 7.7 Stealth


You had 9 spell levels left.
You didn't know any spells.
Your spell library contained the following spells:

 Spells                   Type           Power        Failure   Level  Hunger
 Beastly Appendage        Tmut           #.....       16%         1    ##.....
 Magic Dart               Conj           #...         16%         1    ##.....
 Blink                    Tloc           N/A          26%         2    ###....
 Call Imp                 Summ           #.......     26%         2    ###....
 Slow                     Hex            #.......     26%         2    ###....
 Sticks to Snakes         Tmut           #.......     26%         2    ###....
 Conjure Flame            Conj/Fire      #.......     43%         3    ####...
 Mephitic Cloud           Conj/Pois/Air  #.......     43%         3    ####...
 Spider Form              Tmut/Pois      #.........   43%         3    ####...
 Ice Form                 Ice/Tmut       #.......     82%         4    #####..
 Blade Hands              Tmut           #.........   98%         5    ######.


Dungeon Overview and Level Annotations

Branches:
Dungeon (9/15)             Temple (1/1) D:5
   Lair: D:8-11         Orc: D:9-12

Altars:
Ashenzari
Cheibriados
Dithmenos
Elyvilon
Fedhas
Gozag
Hepliaklqana
Kikubaaqudgha
Nemelex Xobeh
Okawaru
Qazlal
Sif Muna
Trog
Uskayaw
Vehumet
Wu Jian
Xom
Yredelemnul
The Shining One

Shops:
D:6 [

Annotations:
D:2 1 runed door
D:7 3 runed doors, BushDid911's ghost, novice DgFi
D:8 2 transporters


Innate Abilities, Weirdness & Mutations

You have razor-sharp teeth.
Your natural rate of healing is unusually fast.
When hurt, damage is shared between your health and your magic reserves.
Your bite disrupts and absorbs the magic of your enemies.
Potions cannot restore your health.
You are immune to rotting.


Message History

Firing (i - inventory. (/) - cycle)
F - 6 needles of confusion (quivered)
Press: ? - help, Shift-Dir - straight line, f - two-headed ogre
Aim: a two-headed ogre, wielding a dire flail and a giant club (hasn't noticed You shoot a needle of confusion.
The needle of confusion hits the two-headed ogre!
The two-headed ogre resists.
Firing (i - inventory. (/) - cycle)
F - 5 needles of confusion (quivered)
Press: ? - help, Shift-Dir - straight line, f/p - two-headed ogre
Aim: a two-headed ogre, wielding a dire flail and a giant club You shoot a needle of confusion.
The needle of confusion barely misses the two-headed ogre.
Firing (i - inventory. (/) - cycle)
F - 4 needles of confusion (quivered)
Press: ? - help, Shift-Dir - straight line, f/p - two-headed ogre
Aim: a two-headed ogre, wielding a dire flail and a giant club You shoot a needle of confusion.
The needle of confusion closely misses the two-headed ogre.
Firing (i - inventory. (/) - cycle)
F - 3 needles of confusion (quivered)
Press: ? - help, Shift-Dir - straight line, f/p - two-headed ogre
Aim: a two-headed ogre, wielding a dire flail and a giant club You shoot a needle of confusion.
The needle of confusion barely misses the two-headed ogre.
Firing (i - inventory. (/) - cycle)
F - 2 needles of confusion (quivered)
Press: ? - help, Shift-Dir - straight line, f/p - two-headed ogre
Aim: a two-headed ogre, wielding a dire flail and a giant club You shoot a needle of confusion.
The needle of confusion hits the two-headed ogre!
The two-headed ogre resists.
Firing (i - inventory. (/) - cycle)
F - a needle of confusion (quivered)
Press: ? - help, Shift-Dir - straight line, f/p - two-headed ogre
Aim: a two-headed ogre, wielding a dire flail and a giant club You shoot a needle of confusion.
The needle of confusion barely misses the two-headed ogre.
a - a +3 dagger (weapon)
You spin and attack the two-headed ogre repeatedly.
You barely miss the two-headed ogre.
You hit the two-headed ogre but do no damage.
Your bite misses the two-headed ogre. The two-headed ogre misses you.
The two-headed ogre closely misses you.
There is a stone staircase leading up, spattered with blood here.
Things that are here:
a halberd x2
The two-headed ogre misses you.
The two-headed ogre hits you with a giant club!
You climb upwards.
Level annotation: 2 transporters
There is a stone staircase leading down here.
You repeatedly attack the two-headed ogre from above.
You hit the two-headed ogre.
You bite the two-headed ogre, but do no damage.
The two-headed ogre is lightly wounded.
You hit the two-headed ogre.
The two-headed ogre is lightly wounded.
You barely miss the two-headed ogre. You bite the two-headed ogre.
You drain its power.
You feel invigorated.
The two-headed ogre is lightly wounded.
You hit the two-headed ogre.
You bite the two-headed ogre, but do no damage.
The two-headed ogre is moderately wounded.
The two-headed ogre closely misses you. The two-headed ogre misses you.
The two-headed ogre hits you but does no damage.
The two-headed ogre hits you with a giant club.
You spin and attack the two-headed ogre repeatedly.
You hit the two-headed ogre.
The two-headed ogre is moderately wounded.
You hit the two-headed ogre. You bite the two-headed ogre. You drain its power.
You feel invigorated.
The two-headed ogre is heavily wounded.
The two-headed ogre closely misses you. x2
You spin and attack the two-headed ogre repeatedly.
You hit the two-headed ogre.
The two-headed ogre is heavily wounded.
You are feeling hungry.
You hit the two-headed ogre. You bite the two-headed ogre. You drain its power.
The two-headed ogre is heavily wounded.
You spin and attack the two-headed ogre repeatedly.
You hit the two-headed ogre but do no damage.
The two-headed ogre is heavily wounded.
You hit the two-headed ogre. You bite the two-headed ogre. You drain its power.
The two-headed ogre is severely wounded.
The two-headed ogre hits you with a dire flail!
The two-headed ogre hits you with a giant club!
There is a stone staircase leading down here.
You repeatedly attack the two-headed ogre from above.
You hit the two-headed ogre but do no damage.
The two-headed ogre is severely wounded.
You hit the two-headed ogre.
The two-headed ogre is severely wounded.
You barely miss the two-headed ogre. You bite the two-headed ogre.
You drain its power.
You feel invigorated.
The two-headed ogre is severely wounded.
You hit the two-headed ogre. You bite the two-headed ogre. You drain its power.
You feel invigorated.
The two-headed ogre is almost dead.
The two-headed ogre hits you with a dire flail!
The two-headed ogre hits you with a giant club!!
* * * LOW HITPOINT WARNING * * *
The two-headed ogre hits you with a dire flail!
* * * LOW HITPOINT WARNING * * *
The two-headed ogre hits you with a giant club!
You die...

##'###....##..##.#.#
.....#...........#.#
.....#######.#.#.#.#
.....# #.....#.#
.....#########...#.#
.....'.............#
.....#.....####..###
######.....# #§§#
#.....####§@#
######...≈.#...§O#
........≈..'....>#
#####......#...### #
#......##### #
#......# #......#
#......# #.#'####


You could see a two-headed ogre (pinned).

Vanquished Creatures
  A two-headed ogre (D:8)
  A cyclops (D:8)
  A queen bee (D:8)
  2 trolls (D:8)
  Grinder (D:4)
  A steam dragon (D:9)
  2 ice beasts
  An orc warrior (D:8)
  A black bear (D:6)
  3 phantoms
  2 necrophages
  2 sky beasts (D:8)
  5 ogres
  2 centaurs
  5 bullfrogs
  A gnoll sergeant (D:9)
  3 scorpions
  16 killer bees
  3 crimson imps
  A gnoll shaman (D:7)
  A bullfrog skeleton (D:7)
  A hound (D:7)
  2 jellies
  3 orc priests
  A centaur skeleton (D:6)
  An iguana (D:8)
  5 worker ants
  A killer bee zombie (D:5)
  Robin (D:2)
  4 adders
  13 gnolls
  A howler monkey skeleton (D:5)
  2 shadow imps
  An adder skeleton (D:8)
  An adder zombie (D:6)
  2 worms
  A dart slug (D:3)
  5 leopard geckos
  14 orcs
  2 bats (D:3)
  7 giant cockroaches
  12 goblins
  13 hobgoblins
  6 jackals
  8 kobolds
  7 quokkas
  4 ball pythons (D:1)
  8 frilled lizards
  2 jackal skeletons (D:5)
  A quokka zombie (D:8)
  6 rats
190 creatures vanquished.

Notes
Turn   | Place    | Note
-------+----------+-------------------------------------------
     0 | D:1      | Artagas the Vine Stalker Assassin began the quest for the
                  | Orb.
     0 | D:1      | Reached XP level 1. HP: 11/11 MP: 2/2
   160 | D:1      | Reached skill level 5 in Stealth
   338 | D:1      | Reached skill level 2 in Fighting
   338 | D:1      | Reached skill level 2 in Short Blades
   338 | D:1      | Reached XP level 2. HP: 13/15 MP: 3/3
   862 | D:1      | Reached XP level 3. HP: 19/19 MP: 4/4
  1082 | D:2      | Found a runed door.
  1329 | D:2      | Found a white marble altar of Elyvilon.
  1793 | D:2      | Noticed Robin
  1808 | D:2      | Killed Robin
  1808 | D:2      | Gained mutation: Your natural rate of healing is unusually
                  | fast. [Vine Stalker growth]
  1808 | D:2      | Reached XP level 4. HP: 19/23 MP: 3/5
  1947 | D:3      | Reached skill level 3 in Fighting
  1947 | D:3      | Reached skill level 3 in Short Blades
  2430 | D:2      | Reached XP level 5. HP: 17/28 MP: 4/6
  2580 | D:3      | Found a stormy altar of Qazlal.
  2671 | D:3      | Found a shattered altar of Ashenzari.
  3199 | D:4      | Noticed Grinder
  3239 | D:4      | Paralysed by Grinder for 4 turns
  3259 | D:4      | Killed Grinder
  3259 | D:4      | Reached skill level 4 in Fighting
  3259 | D:4      | Reached skill level 4 in Short Blades
  3259 | D:4      | Reached XP level 6. HP: 33/34 MP: 7/7
  3297 | D:4      | Noticed a phantom
  3352 | D:4      | Killed a phantom
  3405 | D:4      | Reached skill level 5 in Short Blades
  3405 | D:4      | Reached XP level 7. HP: 34/38 MP: 8/8
  3571 | D:4      | Found an ancient bone altar of Kikubaaqudgha.
  3815 | D:5      | Entered Level 5 of the Dungeon
  3937 | D:4      | Reached skill level 6 in Short Blades
  4335 | D:5      | Found a staircase to the Ecumenical Temple.
  4344 | Temple   | Entered the Ecumenical Temple
  4395 | Temple   | Became a worshipper of the Wu Jian Council
  4486 | D:5      | Gained mutation: You have razor-sharp teeth. [Vine Stalker
                  | growth]
  4486 | D:5      | Reached XP level 8. HP: 35/42 MP: 6/9
  4542 | D:5      | Reached skill level 5 in Fighting
  4565 | D:6      | Reached skill level 6 in Stealth
  4590 | D:6      | Found Xuacs's Armour Shop.
  4989 | D:6      | Reached skill level 7 in Stealth
  5155 | D:6      | Reached skill level 7 in Short Blades
  5534 | D:6      | Reached skill level 6 in Fighting
  5848 | D:7      | Reached XP level 9. HP: 42/48 MP: 10/10
  5885 | D:7      | Reached * piety under Wu Jian
  5994 | D:7      | Reached skill level 8 in Short Blades
  6199 | D:7      | Found a runed gate.
  6199 | D:7      | Found a runed gate.
  6199 | D:7      | Found a runed gate.
  6201 | D:7      | Noticed BushDid911's ghost (novice DgFi)
  6563 | D:8      | Reached skill level 1 in Dodging
  6708 | D:7      | Reached skill level 1 in Armour
  6818 | D:8      | Found a basalt altar of Yredelemnul.
  6825 | D:8      | Noticed a centaur warrior
  7027 | D:8      | Reached skill level 2 in Dodging
  7080 | D:8      | Found a transporter.
  7091 | D:8      | Found a shimmering altar of Xom.
  7234 | D:8      | Noticed a cyclops
  7308 | D:7      | HP: 7/48 [killer bee (2)]
  7415 | D:8      | Reached skill level 2 in Armour
  7494 | D:8      | Reached skill level 9 in Short Blades
  7514 | D:8      | Found a transporter.
  7515 | D:8      | Noticed a harpy
  7520 | D:8      | Noticed a spiny frog
  7520 | D:8      | a harpy changed into a spiny frog
  7523 | D:8      | Noticed a queen bee
  7537 | D:8      | a spiny frog changed into a human
  7543 | D:8      | Killed a queen bee
  7543 | D:8      | Reached skill level 3 in Dodging
  7561 | D:8      | Noticed a black mamba
  7561 | D:8      | a human changed into a black mamba
  7673 | D:8      | Noticed an orb spider
  7673 | D:8      | a raiju changed into an orb spider
  7676 | D:8      | Killed a cyclops
  7676 | D:8      | Reached ** piety under Wu Jian
  7676 | D:8      | Reached skill level 3 in Armour
  7676 | D:8      | Reached XP level 10. HP: 53/53 MP: 11/11
  8445 | D:8      | Reached skill level 2 in Throwing
  8445 | D:8      | Reached skill level 4 in Dodging
  8554 | D:8      | Reached skill level 4 in Armour
  8785 | D:8      | Noticed an eye of devastation
  8811 | D:9      | Found a hide-covered altar of Uskayaw.
  8922 | D:8      | Reached skill level 3 in Throwing
  8964 | D:9      | Found a hazy altar of Hepliaklqana.
  9028 | D:9      | Noticed a two-headed ogre
  9216 | D:8      | Killed a two-headed ogre
  9216 | D:8      | Reached skill level 10 in Short Blades
  9436 | D:9      | Noticed a two-headed ogre
  9457 | D:8      | HP: 3/53 [two-headed ogre/dire flail (12)]
  9457 | D:8      | Slain by a two-headed ogre

Skill      XL: |  1  2  3  4  5  6  7  8  9 10 |
---------------+-------------------------------+-----
Stealth        | 5 7 |  7.7
Fighting       | 2 3 4 6 |  6.5
Short Blades   | 2 3 4 5 6 7 9 10 | 10.0
Dodging        | 3 4 |  4.0
Armour         | 3 4 |  4.0
Throwing       | 3 |  3.6

Action                   |  1- 3 |  4- 6 |  7- 9 | 10-12 || total
-------------------------+-------+-------+-------+-------++-------
Melee: Dagger            |   132 |   153 |   354 |   309 ||   948
       Bite              |    28 |    39 |   112 |   106 ||   285
       Blowgun           |       |       |     4 |     8 ||    12
 Fire: Blowgun           |       |    15 |    43 |    16 ||    74
Throw: Tomahawk          |       |       |     3 |       ||     3
Invok: Lunge             |       |       |    41 |    33 ||    74
       Whirlwind         |       |       |    26 |    85 ||   111
       Wall Jump         |       |       |       |    21 ||    21
Evoke: Wand              |       |       |       |     2 ||     2
  Use: Scroll            |     2 |     4 |     8 |       ||    14
       Potion            |       |       |     2 |       ||     2
 Stab: Sleeping          |     5 |     4 |    13 |     2 ||    24
       Distracted        |     2 |       |     1 |     1 ||     4
       Confused          |       |       |     1 |       ||     1
  Eat: Chunk             |     3 |     5 |    12 |     4 ||    24
       Ration            |       |       |       |     1 ||     1
Armor: Robe              |    19 |    16 |       |       ||    35
       Scale mail        |       |    18 |   103 |    30 ||   151
       Troll leather arm |       |       |       |    34 ||    34
       Skin              |       |       |       |     1 ||     1
Dodge: Dodged            |    54 |    66 |   151 |   168 ||   439

Vault maps used:
D:1:      dpeg_arrival_three_smaller_balls, minmay_lizard_king
D:2:      nicolae_overflow_hidden_temple, first_ration, uniq_crazy_yiuf_cottage,
          uniq_robin
D:3:      nicolae_ashenzari_panopticon, hex_tiny,
          nicolae_qazlal_eye_of_the_storm
D:4:      kiku_gazebo_garden_becter, minmay_misc_feat_four_crosses, uniq_grinder
D:5:      lemuel_temple_firewalk_b, minmay_misc_feat_doors
D:6:      serial_shops, shop
D:7:      ebering_ghost_rock_garden
D:8:      gammafunk_temple_overflow_arena, xom_teletrap_fun, david_nohive_1
D:9:      gammafunk_temple_overflow_pools, kennysheep_little_box, serial_shops,
          nicolae_shop_temple_entry_statues_fountains, basic_altar
Temple:   minmay_temple_bridge_abc

Table legend:
 A = Turns spent in this place as a percentage of turns spent in the entire game.
 B = Non-inter-level travel turns spent in this place as a percentage of non-inter-level travel turns spent in the entire game.
 C = Inter-level travel turns spent in this place as a percentage of turns spent in this place.
 D = Turns resting spent in this place as a percentage of non-inter-level travel turns spent in this place.
 E = Turns spent auto-exploring this place as a percentage of non-inter-level travel turns spent in this place.
 F = Non-inter-level travel turns spent in this place divided by the number of levels of this place that you've seen.
                   A       B       C       D       E      F
               +-------+-------+-------+-------+-------+----------------------
         Total | 100.0 | 100.0 |   5.6 |  11.5 |  54.2 | 892.4
       Dungeon |  99.2 |  99.4 |   5.5 |  11.6 |  54.0 | 985.7
        Temple |   0.8 |   0.6 |  27.4 |   0.0 |  84.9 |  53.0
               +-------+-------+-------+-------+-------+----------------------

Table legend:
 A = Kills in this place as a percentage of kills in entire the game.
 B = Kills by you in this place as a percentage of kills by you in the entire game.
 C = Kills by friends in this place as a percentage of kills by friends in the entire game.
 D = Other kills in this place as a percentage of other kills in the entire game.
 E = Experience gained in this place as a percentage of experience gained in the entire game.
 F = Experience gained in this place divided by the number of levels of this place that you have seen.
                   A       B       C       D       E      F
               +-------+-------+-------+-------+-------+----------------------
         Total | 100.0 | 100.0 |   N/A |   N/A | 100.0 | 789.3
       Dungeon | 100.0 | 100.0 |   N/A |   N/A | 100.0 | 877.0
               +-------+-------+-------+-------+-------+----------------------
